 Dungeon Crawl Stone Soup version 0.29-a0-243-g602b31c20e (webtiles) character file.

Game seed: 715694564226531481

175 sammy202020 the Shield-Bearer (level 5, -2/47 HPs)
             Began as a Minotaur Fighter on Mar 5, 2022.
             Slain by a steam dragon (5 damage)
             ... on level 3 of the Dungeon.
             The game lasted 00:04:05 (2316 turns).

sammy202020 the Shield-Bearer (Minotaur Fighter)    Turns: 2316, Time: 00:04:06

Health: -2/47      AC: 13    Str: 20    XL:     5   Next: 29%
Magic:  4/4        EV:  8    Int:  7    God:
Gold:   42         SH:  9    Dex: 14    Spells: 4/4 levels left

rFire   . . .      SeeInvis .   a - +0 flail
rCold   . . .      Faith    .   n - +0 kite shield
rNeg    . . .      Spirit   .   b - +0 scale mail
rPois   +          Reflect  .   (helmet restricted)
rElec   .          Harm     .   (no cloak)
rCorr   .          Rampage  .   l - +5 pair of gloves of Makhleb's Displeasure {Dex+4}
Will    .....                   (no boots)
Stlth   ..........              (no amulet)
HPRegen 0.15/turn               e - ring of poison resistance
MPRegen 0.09/turn               (no ring)

@: no status effects
A: horns 2, retaliatory headbutt
a: no special abilities


You were on level 3 of the Dungeon.
You visited 1 branch of the dungeon, and saw 3 of its levels.

You collected 105 gold pieces.
You spent 63 gold pieces at shops.

Inventory:

Hand Weapons
 a - a +0 flail (weapon)
Armour
 b - a +0 scale mail (worn)
 l - the +5 pair of gloves of Makhleb's Displeasure (worn) {Dex+4}
   (You found it on level 2 of the Dungeon)

   Dex:       It affects your dexterity (+4).
 n - a +0 kite shield (worn)
Jewellery
 e - a ring of poison resistance (left hand)
 i - an amulet of faith
Scrolls
 c - a scroll of teleportation {unknown}
 f - a scroll of identify {unknown}
 h - 2 scrolls of vulnerability {unknown}
 j - a scroll of immolation {unknown}
 k - a scroll of fear {unknown}
 m - 2 scrolls of noise {unknown}


   Skills:
 * Level 4.5 Fighting
 * Level 3.7 Maces & Flails
 * Level 4.7 Armour
 + Level 1.5 Dodging
 * Level 4.7 Shields


You had 4 spell levels left.
You didn't know any spells.
Your spell library was empty.

Dungeon Overview and Level Annotations

Branches:
Dungeon (3/15)

Altars:

Shops:
D:2 [


Innate Abilities, Weirdness & Mutations

You have a pair of horns on your head.
You reflexively headbutt those who attack you in melee.


Message History

The steam dragon claws you but does no damage.
It was a potion of heal wounds.
You feel much better. The steam dragon closely misses you.
The steam dragon claws you but does no damage.
It was a potion of curing.
You feel better.
You feel less invigorated. The steam dragon bites you!
The steam dragon claws you but does no damage.
You hit the steam dragon.
The steam dragon is moderately wounded.
The steam dragon breathes steam at you. The ball of steam hits you!!
Ouch! That really hurt!
* * * LOW HITPOINT WARNING * * *
You hit the steam dragon. You headbutt the steam dragon.
The steam dragon is severely wounded.
You are engulfed in a cloud of scalding steam.
* * * LOW HITPOINT WARNING * * *
You block the steam dragon's attack.
The steam dragon claws you but does no damage.
You hit the steam dragon. You headbutt the steam dragon.
The steam dragon is severely wounded.
You block the steam dragon's attack. x2
The steam dragon bites you but does no damage.
The steam dragon barely misses you.
You barely miss the steam dragon.
The steam dragon is severely wounded.
The steam dragon breathes steam at you. The ball of steam misses you.
You barely miss the steam dragon.
The steam dragon is severely wounded.
You are engulfed in a cloud of scalding steam.
The steam dragon bites you but does no damage.
The steam dragon claws you but does no damage.
You sock the steam dragon! Your headbutt misses the steam dragon.
The steam dragon is almost dead.
You are engulfed in a cloud of scalding steam.
* * * LOW HITPOINT WARNING * * *
You block the steam dragon's attack. The steam dragon closely misses you.
You block the steam dragon's attack. The steam dragon claws you.
You die...

.### ...<
..... ....
...# ###...#
#.....# #D#
#@# #§# #.#
#.######
#####......#
#....§..##.#
#.#####.##.#
#.#####.##.#
#.##.......#


You could see a steam dragon (catching breath).

Vanquished Creatures
  The ghost of sammy202020 the Covered, an amateur MiFi (D:3)
  2 adders
  A worm (D:2)
  2 dart slugs
  5 endoplasms
  A giant cockroach (D:3)
  8 goblins
  A hobgoblin (D:2)
  11 jackals (D:1)
  2 quokkas
  6 ball pythons
  6 bats
  3 frilled lizards (D:1)
  3 kobolds
  6 rats
58 creatures vanquished.

Notes
Turn   | Place    | Note
-------+----------+-------------------------------------------
     0 | D:1      | sammy202020 the Minotaur Fighter began the quest for the
                  | Orb.
     0 | D:1      | Reached XP level 1. HP: 19/19 MP: 0/0
   160 | D:1      | Reached XP level 2. HP: 27/27 MP: 1/1
   274 | D:1      | Found a faded altar of an unknown god.
   575 | D:1      | Reached XP level 3. HP: 33/33 MP: 2/2
  1213 | D:2      | Found Degrucsoe's Armour Shop.
  1223 | D:2      | Reached skill level 1 in Dodging
  1320 | D:2      | Identified the +5 pair of gloves of Makhleb's Displeasure
                  | {Dex+4}
  1622 | D:2      | Reached XP level 4. HP: 40/40 MP: 3/3
  1833 | D:2      | Bought a +0 kite shield for 63 gold pieces
  2034 | D:3      | Found a runed translucent door.
  2038 | D:3      | Noticed sammy202020's ghost (amateur MiFi)
  2066 | D:3      | Killed sammy202020's ghost
  2067 | D:3      | Reached XP level 5. HP: 20/47 MP: 4/4
  2301 | D:3      | Noticed a steam dragon
  2316 | D:3      | HP: 2/47 [steam dragon] (5)]
  2316 | D:3      | Slain by a steam dragon

Illustrated notes

Levels and vault maps discovered:
D:1:      mrwooster_arrival_statue, layout_basic,
          hellmonk_ecumenical_altar_dog_temple
D:2:      layout_basic, serial_shops, shop, kennysheep_cross_room
D:3:      layout_loops_cross, slow_altar_2, hellmonk_ghost_happy_afterlife,
          minmay_misc_feat_tiny, serial_bayou_lagoon_a

Skill      XL: |  1  2  3 |
---------------+----------+-----
Fighting       | 4 |  4.5
Armour         | 4 |  4.7
Shields        | 4 |  4.7
Maces & Flails | 3 |  3.7
Dodging        | 1 |  1.5

Action                   |  1- 3 |  4- 6 || total
-------------------------+-------+-------++-------
Melee: Flail             |   108 |    35 ||   143
       Headbutt          |    13 |     5 ||    18
  Use: Potion            |       |     4 ||     4
Armor: Scale mail        |    56 |    27 ||    83
Dodge: Dodged            |    43 |    13 ||    56
Block: Buckler           |    32 |       ||    32
       Kite shield       |       |    20 ||    20

Table legend: (Time is in decaauts)
 A = Elapsed time spent in this place.
 B = Non-inter-level travel time spent in this place.
 C = Inter-level travel time spent in this place.
 D = Time resting spent in this place.
 E = Time spent auto-exploring this place.
 F = Levels seen in this place.
 G = Mean time per level.
                   A        B        C        D        E       F      G
               +--------+--------+--------+--------+--------+-----+--------+
         Total |   2358 |   2176 |    182 |     59 |   1714 |   3 |  786.0 |
       Dungeon |   2358 |   2176 |    182 |     59 |   1714 |   3 |  786.0 |
               +--------+--------+--------+--------+--------+-----+--------+

Top non-repeatable levels by time:
     D:1: 1164 daAuts
     D:2: 770 daAuts
     D:3: 423 daAuts
